 Dungeon Crawl Stone Soup version 0.28.0-43-g3370ac3207 (webtiles) character file.

Game seed: 8465562174909497001

7 mortz the Conjurer (level 2, 0/19 HPs)
             Began as a Human Conjurer on Mar 3, 2022.
             Slain by a quokka (2 damage)
             ... on level 1 of the Dungeon.
             The game lasted 00:02:01 (272 turns).

mortz the Conjurer (Human Conjurer)                  Turns: 272, Time: 00:02:02

Health: 0/19       AC:  2    Str:  7    XL:     2   Next: 5%
Magic:  0/5        EV: 12    Int: 18    God:
Gold:   5          SH:  0    Dex: 11    Spells: 4/5 levels left

rFire   . . .      SeeInvis .   c - +0 dagger {short}
rCold   . . .      Faith    .   (no shield)
rNeg    . . .      Spirit   .   a - +0 robe
rPois   .          Reflect  .   (no helmet)
rElec   .          Harm     .   (no cloak)
rCorr   .          Rampage  .   (no gloves)
Will    .....                   (no boots)
Stlth   ++........              (no amulet)
HPRegen 0.06/turn               (no ring)
MPRegen 0.09/turn               (no ring)

@: no status effects
A: no striking features
a: no special abilities


You were on level 1 of the Dungeon.
You visited 1 branch of the dungeon, and saw 1 of its levels.

You collected 5 gold pieces.


   Skills:
 + Level 2.0 Dodging
 + Level 2.0 Stealth
 + Level 2.0 Spellcasting
 + Level 4.3 Conjurations


You had 4 spell levels left.
You knew the following spells:

 Your Spells              Type           Power      Damage    Failure   Level
a - Magic Dart            Conj           68%        1d6       3%          1

Your spell library contained the following spells:

 Spells                   Type           Power      Damage    Failure   Level
 Searing Ray              Conj           34%        2d5       4%          2
 Dazzling Flash           Conj/Hex       18%        N/A       22%         3
 Fulminant Prism          Conj/Hex       4%         3d6       58%         4
 Iskenderun's Mystic Bla  Conj/Tloc      9%         2d4       58%         4

Inventory:

Hand Weapons
 c - a +0 dagger (weapon) {short}
   (You took it off a goblin on level 1 of the Dungeon)
Missiles
 b - 15 arrows
Armour
 a - a +0 robe (worn)

Dungeon Overview and Level Annotations

Branches:
Dungeon (1/15)

Altars:

.....# #............ .....#
#............
.....##########
#............
.....#........#
#............
..>.......)...#
#.........###
#.............# #.........#
..............###.........#
..............##.K........#
..............##@r†########
..............##..:#
###..#........##...#
####.###############
##.8.8.#### 8.......8.###
............# .#######..8.#
.#hklyh#....#


You could see a quokka and a kobold.


Message History

😕 MP[-1]
You lost 1 mp, and now have 0/3 mp.
You barely miss the hobgoblin. The hobgoblin barely misses you.
You closely miss the hobgoblin. The hobgoblin hits you. 😕 HP[-1]
You take 1 damage, and now have 11/13 hp.
You completely miss the hobgoblin. The hobgoblin barely misses you.
You hit the hobgoblin.
You kill the hobgoblin! 😕 HP[+1]
You start resting. 😎 HP[+1] MP[+2]
Your hp is fully restored (13).
You regained 2 mp, and now have 2/3 mp.
You start resting. 😎 MP[+1]
Your mp is fully restored (3).
There is an open door here.
A rat comes into view.
Aiming: Magic Dart (safe; 3% risk of failure)
Press: ? - help, Q - select action Shift-Dir - straight line, f - rat
Aim: a rat (asleep, 100% to hit)
The magic dart hits the rat.
You kill the rat! 😎 MP[-1]
You lost 1 mp, and now have 2/3 mp.
You start resting. 😎 MP[+1]
Your mp is fully restored (3).
A frilled lizard comes into view.
The frilled lizard hisses angrily.
You hear a shout!
Aiming: Magic Dart (safe; 3% risk of failure)
Press: ? - help, Q - select action Shift-Dir - straight line, f - frilled lizard
Aim: a frilled lizard (100% to hit)
The magic dart hits the frilled lizard.
You kill the frilled lizard! 😎 MP[-1]
You lost 1 mp, and now have 2/3 mp.
You start resting. 😎 MP[+1]
Your mp is fully restored (3).
A giant cockroach comes into view.
The giant cockroach moves out of view.
A sourceless malevolence fills the Dungeon... and a teleportation trap spontaneously manifests!
You are yanked towards some nearby monsters!
Your surroundings suddenly seem different.
An endoplasm, a giant cockroach, a quokka and a kobold come into view.
The kobold is wielding a +2 short sword of speed.
The kobold shouts!
You see here a book of Callings.
Aiming: Magic Dart (safe; 3% risk of failure)
Press: ? - help, Q - select action Shift-Dir - straight line, f - giant cockroach
Aim: a giant cockroach (100% to hit)
The magic dart hits the giant cockroach.
The giant cockroach misses you.
The quokka completely misses you. 😎 MP[-1]
You lost 1 mp, and now have 2/3 mp.
Aiming: Magic Dart (safe; 3% risk of failure)
Press: ? - help, Q - select action Shift-Dir - straight line, f/p - giant cockroach
Aim: a giant cockroach (heavily wounded, 100% to hit)
The magic dart hits the giant cockroach.
You kill the giant cockroach!
The quokka closely misses you.
You have reached level 2! 😎 HP[+6] MP[-1]
You now have 19 max hp (+6).
Your hp is fully restored (19).
Aiming: Magic Dart (safe; 3% risk of failure)
Press: ? - help, Q - select action Shift-Dir - straight line, f - quokka
Aim: a quokka (100% to hit)
The magic dart hits the quokka.
The kobold throws a stone.
The stone barely misses you. The quokka bites you. 😕 HP[-4] MP[-1]
You take 4 damage, and now have 15/19 hp.
MASSIVE DAMAGE!! (PAUSE)
You lost 1 mp, and now have 0/5 mp.
You barely miss the quokka. The quokka bites you. 😮 HP[-3]
You take 3 damage, and now have 12/19 hp.
You closely miss the quokka. The quokka closely misses you. 😮 HP[+1]
You hit the quokka but do no damage. The quokka bites you.
The kobold barely misses you. The quokka barely misses you. 😮 HP[-3]
You take 3 damage, and now have 10/19 hp.
You closely miss the quokka. The kobold barely misses you.
The kobold hits you with a +2 short sword of speed.
* * * LOW HITPOINT WARNING * * *
The quokka barely misses you. 😨 HP[-5]
You take 5 damage, and now have 5/19 hp.
MASSIVE DAMAGE!! (PAUSE)
The kobold closely misses you. The quokka bites you.
* * * LOW HITPOINT WARNING * * *
😱 HP[-1]
You take 1 damage, and now have 4/19 hp.
The quokka bites you.
* * * LOW HITPOINT WARNING * * *
😱 HP[-2]
You take 2 damage, and now have 2/19 hp.
You miss the kobold. The quokka bites you.
You die...

Action                   || total
-------------------------++-------
Melee: Dagger            ||     9
 Cast: Magic Dart        ||    12
Dodge: Dodged            ||    14

Levels and vault maps discovered:
D:1:      onia_arrival_zoo_common, layout_basic, shapermc_ecumenical_altar_venn,
          roderic_serpentine_path

Notes
Turn   | Place    | Note
-------+----------+-------------------------------------------
     0 | D:1      | mortz the Human Conjurer began the quest for the Orb.
     0 | D:1      | Reached XP level 1. HP: 13/13 MP: 3/3
     0 | D:1      | magus.rc [v1.9.6]
     6 | D:1      | Noticed a killer bee
     6 | D:1      | Noticed a black bear
     7 | D:1      | Noticed a hound
     7 | D:1      | Noticed a lindwurm
   107 | D:1      | Found a faded altar of an unknown god.
   265 | D:1      | Reached XP level 2. HP: 19/19 MP: 1/5
   270 | D:1      | HP: 4/19 [quokka (1)]
   272 | D:1      | Slain by a quokka

Vanquished Creatures
  An endoplasm (D:1)
  A giant cockroach (D:1)
  A goblin (D:1)
  A hobgoblin (D:1)
  A frilled lizard (D:1)
  A rat (D:1)
6 creatures vanquished.

Table legend:
 A = Non-vault XP
 B = Vault XP
 C = Vault XP percentage of total XP
 D = Non-vault monster count
 E = Vault monster count
 F = Vault count percentage of total count
                 A         B        C        D         E       F
            +---------+---------+-------+---------+---------+-------
      Total |      10 |       0 |   0.0 |       6 |       0 |   0.0
            +---------+---------+-------+---------+---------+-------
        D:1 |      10 |       0 |   0.0 |       6 |       0 |   0.0
            +---------+---------+-------+---------+---------+-------

Illustrated notes

Table legend:
 A = Kills in this place as a percentage of kills in entire the game.
 B = Kills by you in this place as a percentage of kills by you in the entire game.
 C = Kills by friends in this place as a percentage of kills by friends in the entire game.
 D = Other kills in this place as a percentage of other kills in the entire game.
 E = Experience gained in this place as a percentage of experience gained in the entire game.
 F = Experience gained in this place divided by the number of levels of this place that you have seen.
                   A       B       C       D       E      F
               +-------+-------+-------+-------+-------+----------------------
         Total | 100.0 | 100.0 |   N/A |   N/A | 100.0 |  10.0
       Dungeon | 100.0 | 100.0 |   N/A |   N/A | 100.0 |  10.0
               +-------+-------+-------+-------+-------+----------------------

Table legend: (Time is in decaauts)
 A = Elapsed time spent in this place.
 B = Non-inter-level travel time spent in this place.
 C = Inter-level travel time spent in this place.
 D = Time resting spent in this place.
 E = Time spent auto-exploring this place.
 F = Levels seen in this place.
 G = Mean time per level.
                   A        B        C        D        E       F      G
               +--------+--------+--------+--------+--------+-----+--------+
         Total |    271 |    271 |      0 |     90 |    131 |   1 |  271.0 |
       Dungeon |    271 |    271 |      0 |     90 |    131 |   1 |  271.0 |
               +--------+--------+--------+--------+--------+-----+--------+

Top non-repeatable levels by time:
     D:1: 271 daAuts
